AoeStats
← [TBArg]Mafanez

Arabian Desert

510098213Analyzed
1v1 RM · 4d ago on Sep 29, 2026· 24m 43s· 2 players
Game mode
Random Map
Map size
Tiny (2 player)
Population
200
Speed
Normal
Resources
Standard
Victory
Conquest
Starting age
Dark Age
Ending age
Imperial Age
RankedLock teamsTeams togetherTeam positionsShared explorationLock speedFull tech treeHidden civsTurbo modeCheats
Victory
Defeat
🇦🇷 Malians · Argentina
1002
+15
🇦🇷 Khmer · Argentina
988
-15
lukaslagomarsino
8:27 Loom
10:34 Feudal Age
11:06 Double-Bit Axe
12:17 Horse Collar
22:56 Castle Age
21:40 Gold Mining
[TBArg]Mafanez
6:36 Loom
9:08 Feudal Age
9:49 Double-Bit Axe
13:49 Horse Collar
18:51 Gold Mining
19:16 Bloodlines
19:22 Scale Barding Armor
21:20 Castle Age
20:18 Forging
22:22 Chain Barding Armor
23:53 Iron Casting
Connection lost

Rejoining the realm…

Still unreachable

The connection could not be restored.

Session expired

The server has moved on; the page needs a fresh start.